 Dungeon Sprint DCSS version 0.22-a0-571-g4a923d4 (webtiles) character file.

297 George the Cleaver (level 6, -2/60 HPs)
             Began as a Minotaur Fighter on July 1, 2018.
             Was a Follower of Okawaru.
             Slain by a seven-headed hydra (9 damage)
             ... in the Dungeon (Sprint IX: "|||||||||||||||||||||||||||||").
             The game lasted 00:01:19 (168 turns).

George the Cleaver (Minotaur Fighter)                Turns: 168, Time: 00:01:21

Health: -2/60      AC: 11    Str: 23    XL:     6   Next: 12%
Magic:  7/7        EV: 11    Int:  5    God:    Okawaru [*.....]
Gold:   0          SH:  0    Dex: 15    Spells: 5/5 levels left

rFire    . . .     SeeInvis .   p - +2 dire flail (crush)
rCold    . . .     Gourm    .   (shield currently unavailable)
rNeg     . . .     Faith    .   a - +1 chain mail
rPois    .         Spirit   .   (helmet restricted)
rElec    .         Reflect  .   (no cloak)
rCorr    .         Harm     .   (no gloves)
MR       .....     NoTele   +   (no boots)
Stlth    ..........             (no amulet)
HPRegen  0.20/turn              b - +3 ring of dexterity
MPRegen  0.10/turn              r - +3 ring of dexterity

@: no status effects
A: retaliatory headbutt, horns 2
a: Heroism, Renounce Religion


You were in the Dungeon.
You worshipped Okawaru.
Okawaru was aware of your devotion.
You were not hungry.

You visited 1 branch

Inventory:

Hand Weapons
 p - a +2 dire flail of crushing (weapon)
 q - a +3 war axe of chopping
Armour
 a - a +1 chain mail (worn)
 c - a +0 shield
Jewellery
 b - a +3 ring of dexterity (left hand)
 r - a +3 ring of dexterity (right hand)
Wands
 o - a wand of acid (10)
Scrolls
 k - 2 scrolls of blinking
 m - 3 scrolls of remove curse
 n - 2 scrolls of amnesia
Potions
 d - a potion of might
 e - 5 potions of curing
 g - 3 potions of heal wounds
 h - a potion of haste
 i - 4 potions of magic
 j - a potion of berserk rage
 l - a potion of invisibility
Comestibles
 f - a ration


   Skills:
 + Level 7.0 Fighting
 * Level 8.9 Axes
 + Level 6.9 Armour
 + Level 5.2 Dodging
 + Level 6.9 Shields
 + Level 3.7 Invocations


You had 5 spell levels left.
You didn't know any spells.
Your spell library was empty.

Dungeon Overview and Level Annotations

Branches:
Dungeon (1/1)

Altars:
Cheibriados
Dithmenos
Elyvilon
Fedhas
Gozag
Hepliaklqana
Kikubaaqudgha
Makhleb
Nemelex Xobeh
Okawaru
Qazlal
Ru
Sif Muna
Trog
Uskayaw
Vehumet
Wu Jian
Xom
Yredelemnul
Zin
The Shining One
Beogh
Jiyva
Lugonu


Innate Abilities, Weirdness & Mutations

You reflexively headbutt those who attack you in melee.
You have a pair of horns on your head.


Message History

You block the seven-headed hydra's attack.
The seven-headed hydra bites you but does no damage.
The seven-headed hydra bites you. The seven-headed hydra bites you!
You continue taking off your +0 shield.
The seven-headed hydra bites you but does no damage. x2
The seven-headed hydra closely misses you.
You block the seven-headed hydra's attack.
The seven-headed hydra closely misses you.
You block the seven-headed hydra's attack.
The seven-headed hydra bites you.
You finish taking off your +0 shield.
Wield which item (- for none, * to show all)? (? for menu, Esc to quit)
p - a +2 dire flail of crushing (weapon)
The seven-headed hydra bites you but does no damage.
The seven-headed hydra misses you. The seven-headed hydra bites you. x2
The seven-headed hydra bites you!
* * * LOW HITPOINT WARNING * * *
The seven-headed hydra bites you but does no damage.
The seven-headed hydra bites you!
You die...

▓.▓
▓o▓
▓C▓
▓c▓
▓F▓
▓T▓
▓D▓
▓@▓
▓.▓
▓.▓
▓.▓
▓.▓
▓†▓
▓'▓
▓.▓
▓.▓


You could see a seven-headed hydra, a cyclops, a troll, a bullfrog, a centaur
and an orc.

Vanquished Creatures
  A black bear (D)
  A bullfrog (D)
  A scorpion (D)
  A crimson imp (D)
  A jelly (D)
  A gnoll (D)
  An adder zombie (D)
  A leopard gecko (D)
  A bat (D)
  A bat zombie (D)
  A giant cockroach (D)
  3 goblins (D)
  A quokka skeleton (D)
  A quokka zombie (D)
16 creatures vanquished.

Notes
Turn   | Place    | Note
-------+----------+-------------------------------------------
     0 | D        | George the Minotaur Fighter began the quest for the Orb.
     0 | D        | Reached XP level 1. HP: 19/19 MP: 0/0
     6 | D        | Reached skill level 3 in Axes
     8 | D        | Reached skill level 1 in Dodging
    19 | D        | Noticed a jelly
    23 | D        | Reached XP level 2. HP: 27/27 MP: 1/1
    27 | D        | Reached skill level 4 in Axes
    36 | D        | Reached skill level 5 in Fighting
    36 | D        | Reached skill level 5 in Axes
    36 | D        | Reached skill level 5 in Armour
    36 | D        | Reached XP level 3. HP: 32/36 MP: 2/2
    43 | D        | Found a roughly hewn altar of Beogh.
    43 | D        | Found a snail-covered altar of Cheibriados.
    43 | D        | Found a shadowy altar of Dithmenos.
    43 | D        | Found a white marble altar of Elyvilon.
    43 | D        | Found a blossoming altar of Fedhas.
    43 | D        | Found an opulent altar of Gozag.
    44 | D        | Found a hazy altar of Hepliaklqana.
    45 | D        | Found a viscous altar of Jiyva.
    46 | D        | Found an ancient bone altar of Kikubaaqudgha.
    47 | D        | Found a corrupted altar of Lugonu.
    48 | D        | Found a burning altar of Makhleb.
    49 | D        | Found a sparkling altar of Nemelex Xobeh.
    50 | D        | Found an iron altar of Okawaru.
    51 | D        | Found a stormy altar of Qazlal.
    52 | D        | Found a sacrificial altar of Ru.
    53 | D        | Found a deep blue altar of Sif Muna.
    54 | D        | Found a bloodstained altar of Trog.
    55 | D        | Found a hide-covered altar of Uskayaw.
    56 | D        | Found a radiant altar of Vehumet.
    57 | D        | Found an ornate altar of the Wu Jian Council.
    58 | D        | Became a worshipper of Warmaster Okawaru
    59 | D        | Found a shimmering altar of Xom.
    60 | D        | Found a basalt altar of Yredelemnul.
    61 | D        | Found a glowing silver altar of Zin.
    62 | D        | Found a glowing golden altar of the Shining One.
   103 | D        | Noticed a bullfrog
   103 | D        | Noticed a black bear
   103 | D        | Noticed a scorpion
   113 | D        | Killed a scorpion
   113 | D        | Reached skill level 6 in Axes
   113 | D        | Reached skill level 5 in Shields
   113 | D        | Reached skill level 1 in Invocations
   113 | D        | Reached XP level 4. HP: 41/44 MP: 2/4
   116 | D        | Killed a black bear
   116 | D        | Reached skill level 8 in Axes
   116 | D        | Reached XP level 5. HP: 44/51 MP: 2/6
   119 | D        | Reached * piety under Okawaru
   119 | D        | Reached skill level 5 in Dodging
   121 | D        | Reached XP level 6. HP: 53/60 MP: 2/7
   162 | D        | Noticed a cyclops
   162 | D        | Noticed a seven-headed hydra
   162 | D        | Noticed a troll
   168 | D        | Slain by a seven-headed hydra

Vault maps used:
D:        linesprint

Skill      XL: |  1  2  3  4  5 |
---------------+----------------+-----
Axes           | 3 5 6 8 |  8.9
Armour         | 4 5 6 |  6.9
Dodging        | 1 2 3 4 5 |  5.2
Fighting       | 4 5 6 7 |  7.0
Shields        | 4 5 6 |  6.9
Invocations    | 1 3 |  3.7

Action                   |  1- 3 |  4- 6 || total
-------------------------+-------+-------++-------
Melee: War axe           |    35 |     7 ||    42
       Headbutt          |     7 |       ||     7
Armor: Scale mail        |    13 |       ||    13
       Chain mail        |     5 |    14 ||    19
Dodge: Dodged            |    10 |     6 ||    16
Block: Shield            |    20 |    10 ||    30

Table legend:
 A = Spawn XP
 B = Non-spawn XP
 C = Spawn XP percentage of total XP
 D = Spawn monster count
 E = Non-spawn monster count
 F = Spawn count percentage of total count
 G = Total turns spent on level
                    A         B        C        D         E        F      G
               +---------+---------+-------+---------+---------+-------+---------
         Total |       0 |     425 |   0.0 |       0 |      16 |   0.0 |   168
               +---------+---------+-------+---------+---------+-------+---------
             D |       0 |     425 |   0.0 |       0 |      16 |   0.0 |   168
               +---------+---------+-------+---------+---------+-------+---------
